 Dungeon Crawl Stone Soup version 0.31-a0-188-g5e087ee2ca (webtiles) character file.

Game seed: 12034861358344437007

812 IdlyInterested the Trooper (level 7, -2/56 HPs)
             Began as a Demonspawn Fighter on June 23, 2023.
             Killed from afar by an orc wizard (6 damage)
             ... with a magic dart
             ... on level 5 of the Dungeon.
             The game lasted 00:15:42 (5245 turns).

IdlyInterested the Trooper (Demonspawn Fighter)     Turns: 5245, Time: 00:15:43

Health: -2/56      AC: 17    Str: 19      XL:     7   Next: 61%
Magic:  7/7        EV:  5    Int: 10 (12) God:
Gold:   219        SH:  0    Dex: 12      Spells: 6/6 levels left

rFire   . . .        y - +0 rapier (chaos)
rCold   . . .        (no shield)
rNeg    . . .        u - +0 plate armour
rPois   .            i - +2 helmet {Int+3}
rElec   .            (no cloak)
rCorr   .            (no gloves)
SInv    .            (no boots)
Will    .....        (no amulet) Stlth
                     (no ring)
HPRegen 0.29/turn    (no ring)
MPRegen 0.10/turn

%: no passive effects
@: confused
A: claws 1, thin metallic scales 2, demonic magic 1
a: no special abilities


You were on level 5 of the Dungeon.
You visited 1 branch of the dungeon, and saw 5 of its levels.

You collected 219 gold pieces.

Inventory:

Hand Weapons
 a - a +0 long sword
 y - a +0 rapier of chaos (weapon)
Missiles
 k - 24 stones (quivered)
 m - 18 poisoned darts
 t - 2 boomerangs
 v - a throwing net
Armour
 c - a +0 buckler
 i - a +2 helmet of intelligence (worn)
 n - a +0 ring mail
 u - a +0 plate armour (worn)
Magical Staves
 w - the staff "Soimefut" {rCorr MP+9 Stlth+ Earth}
   (You found it on level 2 of the Dungeon)

   [staff of earth]

   Base accuracy: +5 Base damage: 5 Base attack delay: 1.2 This weapon's minimum
   attack delay (0.6) is reached at skill level 12.
   MP:        It affects your magic capacity (+9).
   rCorr:     It protects you from acid and corrosion.
   Earth:     It increases the power of your Earth spells.
   Stlth:     It makes you more stealthy.
   It falls into the 'Staves' category.
   It is a one-handed weapon.
Scrolls
 d - 2 scrolls of blinking
 e - a scroll of vulnerability
 f - a scroll of fear {unknown}
 g - a scroll of immolation {unknown}
 l - a scroll of fog {unknown}
 p - 2 scrolls of enchant armour
 q - a scroll of revelation {unknown}
 r - 2 scrolls of teleportation {unknown}
 x - a scroll of poison
Potions
 b - a potion of attraction
 h - a potion of cancellation {unknown}
 o - 2 potions of magic
 s - a potion of mutation


   Skills:
 - Level 5.0 Fighting
 * Level 4.0(4.6) Short Blades
 - Level 3.5(4.4) Long Blades
 - Level 1.0 Throwing
 - Level 2.6 Armour
 - Level 1.0 Dodging
 + Level 1.7 Stealth
 - Level 2.6 Shields
 - Level 3.0 Unarmed Combat
 - Level 1.0 Evocations


You had 6 spell levels left.
You didn't know any spells.
Your spell library contained the following spells:

 Spells                   Type           Power      Damage    Failure   Level
 Petrify                  Tmut/Erth      0%         N/A       100%        4
 Metabolic Englaciation   Hex/Ice        0%         N/A       100%        5
 Statue Form              Tmut/Erth      0%         N/A       100%        6


Dungeon Overview and Level Annotations

Branches:
Dungeon (5/15)
 Temple: D:4-7

Altars:
Nemelex Xobeh

Shops:
D:2 (   D:3 :


Innate Abilities, Weirdness & Mutations

You have sharp fingernails.
You are mostly covered in thin metallic scales. (AC +3)
Spells you cast may paralyse adjacent enemies.


Message History

The orc wizard casts a spell.
The orc wizard flickers and vanishes!
You bump into the rock wall.
An orc wizard appears from thin air!
Reactivating autopickup.
The orc wizard hits you with a +0 dagger.
* * * LOW HITPOINT WARNING * * *
The orc wizard casts a spell at you.
The magic dart hits you but does no damage.
Something hits you.
* * * LOW HITPOINT WARNING * * *
Deactivating autopickup; reactivate with Ctrl-A.
You bump into the rock wall.
Something hits you but does no damage.
The orc wizard points at you and mumbles some strange words.
You are more confused.
The orc wizard hits you but does no damage.
Unknown command.
You bump into the rock wall.
Something hits you.
* * * LOW HITPOINT WARNING * * *
The orc wizard gestures at you while chanting.
You resist with some effort.
The orc wizard hits you but does no damage.
You hit the orc wizard.
The orc wizard's magic leaks into the air.
The orc wizard is moderately wounded.
The orc wizard hits you but does no damage. x2
Something hits you but does no damage.
You hit something. Something hits you but does no damage.
The orc wizard completely misses you.
The orc wizard gestures at you while chanting.
The puff of flame hits you.
* * * LOW HITPOINT WARNING * * *
You bump into the rock wall.
Something hits you but does no damage.
You hit the orc wizard. You freeze the orc wizard.
The orc wizard is heavily wounded.
Something hits you but does no damage.
You bump into the rock wall.
You hear some strange, mumbled words.
A magic dart appears from out of thin air!
The magic dart hits you.
You die...

### #######... ##
...#.#.#{#.#.#....
#....o@oo...#
##.#.#o#<#.#...
#......).)...#
##.#.#.#.#.#....
#.(.........# ##
##.#.#.#.#.#..
#............##
..#.#.#.#.# ###
##.. .....


You could see 2 orc wizards and 2 orcs.

Vanquished Creatures
  Sigmund (D:2)
  An ogre (D:5)
  A water moccasin skeleton (D:3)
  A howler monkey (D:4)
  2 orc priests
  A hound (D:4)
  Natasha (twice) (D:3)
  2 orc wizards
  Robin (D:3)
  6 gnolls
  9 adders
  An adder skeleton (D:3)
  An adder zombie (D:3)
  4 worms
  5 dart slugs
  11 orcs
  7 endoplasms
  4 giant cockroaches
  12 goblins
  9 hobgoblins
  7 jackals
  11 kobolds
  4 quokkas
  5 ball pythons
  A ball python zombie (D:3)
  4 bats
  2 frilled lizards (D:2)
  7 rats
122 creatures vanquished.

Notes
Turn   | Place    | Note
-------+----------+-------------------------------------------
     0 | D:1      | IdlyInterested the Demonspawn Fighter began the quest for
                  | the Orb.
     0 | D:1      | Reached XP level 1. HP: 18/18 MP: 1/1
   224 | D:1      | Gained mutation: You are partially covered in thin metallic
                  | scales. (AC +2) [demonic ancestry]
   224 | D:1      | Reached XP level 2. HP: 21/24 MP: 2/2
   427 | D:1      | Reached skill level 1 in Dodging
  1177 | D:2      | Noticed Sigmund
  1182 | D:2      | Killed Sigmund
  1183 | D:2      | Reached skill level 4 in Fighting
  1183 | D:2      | Reached skill level 1 in Throwing
  1183 | D:2      | Reached XP level 3. HP: 14/32 MP: 3/3
  1183 | D:2      | Reached XP level 4. HP: 17/38 MP: 4/4
  1183 | D:2      | Gained mutation: You have sharp fingernails. [demonic
                  | ancestry]
  1183 | D:2      | Reached XP level 5. HP: 19/43 MP: 5/5
  1617 | D:2      | Reached skill level 5 in Fighting
  1617 | D:2      | Reached skill level 1 in Unarmed Combat
  1834 | D:2      | Found Evir's Antique Weapon Shop.
  1848 | D:2      | Identified the staff "Soimefut" {rCorr MP+9 Stlth+ Earth}
  1879 | D:2      | Found a faded altar of an unknown god.
  2026 | D:2      | Gained mutation: Spells you cast may paralyse adjacent
                  | enemies. [demonic ancestry]
  2026 | D:2      | Reached XP level 6. HP: 51/51 MP: 6/6
  2302 | D:3      | Reached skill level 1 in Short Blades
  2691 | D:3      | Noticed Natasha
  2713 | D:3      | Killed Natasha
  3213 | D:3      | Found a sparkling altar of Nemelex Xobeh.
  3318 | D:3      | Found Soiniucvi's Book Boutique.
  3344 | D:3      | Noticed Robin
  3362 | D:3      | Killed Robin
  3752 | D:3      | Gained mutation: You are mostly covered in thin metallic
                  | scales. (AC +3) [demonic ancestry]
  3752 | D:3      | Reached XP level 7. HP: 55/56 MP: 7/7
  4125 | D:3      | Noticed Natasha
  4141 | D:3      | Killed Natasha
  4349 | D:4      | Reached skill level 1 in Evocations
  4995 | D:4      | Reached skill level 1 in Stealth
  5132 | D:5      | Entered Level 5 of the Dungeon
  5245 | D:5      | Killed from afar by an orc wizard

Illustrated notes

Levels and vault maps discovered:
D:1:      dpeg_arrival_brainrot, layout_basic, minmay_misc_feat_columns
D:2:      layout_basic, serial_shops, nicolae_shop_waterfront,
          hellmonk_ecumenical_altar_run_dry, chequers_serial_rivers_micro_c,
          uniq_sigmund
D:3:      cheibrodos_old_hovel, layout_basic, mainiacjoe_overflow_tiny_flanked,
          serial_shops, nicolae_shop_behind_doors, serial_undead,
          serial_undead_c, serial_undead_c, serial_undead_a, serial_undead_e,
          uniq_robin, uniq_natasha
D:4:      layout_loops_ring
D:5:      layout_basic, nicolae_overflow_hidden_temple,
          mainiacjoe_overflow_boulevard, mainiacjoe_overflow_alcove_2,
          serial_shops, shop, chequers_serial_rivers_micro_a, st_stairs_10,
          kennysheep_generic_room_2

Skill      XL: |  1  2  3  4  5  6  7 |
---------------+----------------------+-----
Long Blades    | 2 3 |  3.5
Dodging        | 1 |  1.0
Fighting       | 4 5 |  5.0
Throwing       | 1 |  1.0
Unarmed Combat | 1 2 3 |  3.0
Short Blades   | 2 4 |  4.0
Evocations     | 1 |  1.0
Stealth        | 1 |  1.7
Armour         | |  2.6
Shields        | |  2.6

Action                     |  1- 3 |  4- 6 |  7- 9 || total
---------------------------+-------+-------+-------++-------
  Melee: Long sword        |    36 |   165 |       ||   201
         Punch             |       |     8 |     6 ||    14
         Rapier            |       |   100 |   162 ||   262
  Throw: Stone             |       |     6 |       ||     6
    Use: Potion            |     1 |     6 |     1 ||     8
         Scroll            |       |     6 |     3 ||     9
   Stab: Paralysed         |       |     1 |     1 ||     2
 Armour: Scale mail        |     2 |       |       ||     2
         Chain mail        |    17 |    20 |       ||    37
         Plate armour      |       |   209 |   217 ||   426
  Dodge: Dodged            |    16 |    77 |    42 ||   135
  Block: Buckler           |     6 |     1 |       ||     7

Table legend: (Time is in decaauts)
 A = Elapsed time spent in this place.
 B = Non-inter-level travel time spent in this place.
 C = Inter-level travel time spent in this place.
 D = Time resting spent in this place.
 E = Time spent auto-exploring this place.
 F = Levels seen in this place.
 G = Mean time per level.
                   A        B        C        D        E       F      G
               +--------+--------+--------+--------+--------+-----+--------+
         Total |   5302 |   4457 |    845 |    820 |   2319 |   5 | 1060.4 |
       Dungeon |   5302 |   4457 |    845 |    820 |   2319 |   5 | 1060.4 |
               +--------+--------+--------+--------+--------+-----+--------+

Top non-repeatable levels by time:
     D:3: 1834 daAuts
     D:1: 1394 daAuts
     D:2: 1148 daAuts
     D:4: 851 daAuts
     D:5: 73 daAuts
